 Dungeon Crawl Stone Soup version 0.31.0-11-ge490571c62 (webtiles) character file.

Game seed: 6221727254761604490

35 qw the Shooter (level 3, 0/20 HPs)
             Began as a Deep Elf Hunter on Feb 4, 2024.
             Was an Initiate of Okawaru.
             Succumbed to their own poison gas
             ... on level 2 of the Dungeon.
             The game lasted 00:00:05 (1169 turns).

qw the Shooter (Deep Elf Hunter)                    Turns: 1169, Time: 00:00:06

Health: 0/20       AC:  6    Str: 10    XL:     3   Next: 16%
Magic:  5/5        EV: 11    Int: 13    God:    Okawaru [......]
Gold:   53         SH:  0    Dex: 18    Spells: 2/2 levels left

rFire   . . .        a - +0 shortbow
rCold   . . .        (shield currently unavailable)
rNeg    . . .        c - +1 ring mail
rPois   .            (no helmet)
rElec   .            (no cloak)
rCorr   .            (no gloves)
SInv    .            (no boots)
Will    .....        (no amulet)
Stlth   +            (no ring)
HPRegen 0.23/turn    (no ring)
MPRegen 0.09/turn

%: no passive effects
@: lethally poisoned (0 -> -3)
A: no striking features
a: Renounce Religion


You were on level 2 of the Dungeon.
You worshipped Okawaru.
Okawaru was noncommittal.
You visited 1 branch of the dungeon, and saw 2 of its levels.

You collected 53 gold pieces.


   Skills:
 - Level 1.5 Fighting
 + Level 6.7 Ranged Weapons
 - Level 2.4 Dodging
 - Level 1.2 Stealth


You had 2 spell levels left.
You didn't know any spells.
Your spell library was empty.

Inventory:

Hand Weapons
 a - a +0 shortbow (weapon)
Armour
 c - a +1 ring mail (worn)
Potions
 d - a potion of attraction {unknown}
 f - a potion of degeneration {unknown}
 h - a potion of magic {unknown}

Dungeon Overview and Level Annotations

Branches:
Dungeon (2/15)

Altars:
Okawaru

Shops:
D:1 (


Message History

The air fills with toxic fumes!
As you read the scroll labelled BENTAN EGHUGE, it crumbles to dust.
It was a scroll of poison.
Done exploring.
What level of the Dungeon? (default 2, ? - help) Sorry, I don't know how to get there.
Enter note:
Enter note:
Enter note:
Enter note:
Enter note:
Enter note:
Enter note:
Enter note:
Enter note:
Enter note:
Enter note:
Enter note: You are engulfed in poison gas.
You are lethally poisoned!
You feel very sick.
1161 ||| Stepping ~*~*~tactically~*~*~ (cloud).
You feel very sick.
You see here a +0 scale mail.
There is a lethal amount of poison in your body!
You feel very sick.
There is a lethal amount of poison in your body!
You feel very sick.
There is a lethal amount of poison in your body!
You feel sick.
There is a lethal amount of poison in your body!
You feel sick.
There is a lethal amount of poison in your body!
You feel sick.
There is a lethal amount of poison in your body!
You feel sick.
There is a lethal amount of poison in your body!
You feel sick.
There is a lethal amount of poison in your body!
You die...

##..## .....#
...#.#######
.###.......# ##
#######.# #
#.....##### #
#.#.....¤.# #
#.#.#####¤#######
######.#.#..0¤¤0@0¤0¤#
#......#.#0###0#####0#
.........#.# #.# #.#
#......###.###)# #.#
#..........#...# #.#
#.....#######.## #.#
#.....# #.# #.#
#.....#######.# #.#
#.....##....#.# #.#


There were no monsters in sight!

Vanquished Creatures
  A dart slug (D:1)
  9 ball pythons
  2 endoplasms
  A giant cockroach (D:1)
  4 goblins
  2 hobgoblins
  3 quokkas
  2 bats (D:1)
  3 kobolds
  4 rats
31 creatures vanquished.

Notes
Turn   | Place    | Note
-------+----------+-------------------------------------------
     0 | D:1      | qw the Deep Elf Hunter began the quest for the Orb.
     0 | D:1      | Reached XP level 1. HP: 12/12 MP: 3/3
     0 | D:1      | 0 ||| qw: Version: 0.3-a-160-g6735b56
     0 | D:1      | 0 ||| qw: Game counter: 5405
     0 | D:1      | 0 ||| qw: Melee chars always use a shield: true
     0 | D:1      | 0 ||| qw: God list: Okawaru
     0 | D:1      | 0 ||| qw: Allow faded altars: false
     0 | D:1      | 0 ||| qw: Do Orc after clearing Dungeon:15 true
     0 | D:1      | 0 ||| qw: Do second Lair branch before Depths: true
     0 | D:1      | 0 ||| qw: Lair rune preference: random
     0 | D:1      | 0 ||| qw: Goals: Normal
     0 | D:1      | 0 ||| PLANNING D:1-11
    22 | D:1      | HP: 3/12 [constriction (1)]
    22 | D:1      | HP: 1/12 [quokka (2)]
   108 | D:1      | Reached XP level 2. HP: 16/16 MP: 4/4
   121 | D:1      | Reached skill level 6 in Ranged Weapons
   409 | D:1      | Found Xoshebul's Weapon Shop.
   447 | D:1      | 447 ||| DROPPING +0 robe of positive energy.
   448 | D:1      | 448 ||| READING scroll labelled JIULOB XEDAVEKH.
   451 | D:1      | 451 ||| DROPPING scroll of butterflies.
   477 | D:2      | Found an iron altar of Okawaru.
   478 | D:2      | 478 ||| PLANNING OKAWARU WORSHIP
   478 | D:2      | 478 ||| UPGRADING to +0 scale mail.
   485 | D:2      | Reached XP level 3. HP: 20/20 MP: 5/5
   485 | D:2      | 485 ||| UPGRADING to +0 scale mail.
   495 | D:2      | 495 ||| DROPPING +0 leather armour.
   503 | D:2      | Became a worshipper of Warmaster Okawaru
   504 | D:2      | 504 ||| PLANNING D:1-11
   893 | D:2      | HP: 5/20 [ribbon worm (6)]
   894 | D:2      | 894 ||| READING scroll of teleportation.
   894 | D:2      | HP: 1/20 [ribbon worm (4)]
  1147 | D:2      | 1147 ||| UPGRADING to +0 ring mail.
  1157 | D:2      | 1157 ||| DROPPING +0 scale mail.
  1158 | D:2      | 1158 ||| READING scroll labelled AFUACA UP DOXTUATA.
  1158 | D:2      | 1158 ||| ENCHANTING +0 ring mail.
  1159 | D:2      | 1159 ||| READING scroll labelled BENTAN EGHUGE.
  1161 | D:2      | 1161 ||| Stepping ~*~*~tactically~*~*~ (cloud).
  1164 | D:2      | HP: 4/20 [poisoned by you (poison gas)]
  1168 | D:2      | HP: 1/20 [poisoned by you (poison gas)]
  1169 | D:2      | Succumbed to their own poison gas

Levels and vault maps discovered:
D:1:      enne_arrival_octagon_isle, layout_rooms, serial_shops,
          nicolae_shop_tiny_statue_garden
D:2:      layout_basic, basic_altar

Skill      XL: |  1  2 |
---------------+-------+-----
Ranged Weapons | 6 |  6.7
Fighting       | |  1.5
Dodging        | |  2.4
Stealth        | |  1.2

Action                     || total
---------------------------++-------
   Fire: Shortbow          ||    74
    Use: Scroll            ||     4
 Armour: Leather armour    ||     7
         Scale mail        ||    18
  Dodge: Dodged            ||    18

Table legend:
 A = Non-vault XP
 B = Vault XP
 C = Vault XP percentage of total XP
 D = Non-vault monster count
 E = Vault monster count
 F = Vault count percentage of total count
                 A         B        C        D         E       F
            +---------+---------+-------+---------+---------+-------
      Total |      50 |       0 |   0.0 |      31 |       0 |   0.0
            +---------+---------+-------+---------+---------+-------
        D:1 |      35 |       0 |   0.0 |      21 |       0 |   0.0
        D:2 |      15 |       0 |   0.0 |      10 |       0 |   0.0
            +---------+---------+-------+---------+---------+-------
